cohdb
Replays
Latest Replays
All Replays
Popular Replays
Top Player Replays
Match Explorer
How It Works
Community
CoH3 Stats
Reddit
Sign in to upload your games and track your stats! →
Sign in with Steam
Match 44736943
Unlisted
Match 44736943
Overview
Messages
Build Orders
End
Kradschützen Motorcycle Team
Panzergrenadier Squad
Panzergrenadier Squad
Construct Light Support Kompanie
MG34 Team
MG34 Team
Selects Armored Support Battlegroup
Selects Salvage Kits
Panzerjäger Mechanized Group
Fire Support Elements
Construct Panzerarmee Kommand
Selects Veteran Gunners
Pak 38 Anti-tank Gun Team
le.IG 18 Mechanized Group
Panzer III L Medium Tank
faunusflora
대홍단 감자
Gwangju's Hero Chun Doo-gwang
崔小海
0
0
Comments
sign in to comment!
No comments posted yet!